 Dungeon Crawl Stone Soup version 0.30-a0-4-ga7cffc901d (webtiles) character file.

Game seed: 7586998907377762848

536 porpoise the Trooper (level 7, -1/58 HPs)
             Began as a Human Cinder Acolyte on Aug 20, 2022.
             Was a High Priest of Ignis.
             Slain by a wight
             ... wielding a +0 quarterstaff
              (8 damage)
             ... on level 7 of the Dungeon.
             The game lasted 00:19:33 (5090 turns).

porpoise the Trooper (Human Cinder Acolyte)         Turns: 5090, Time: 00:19:33

Health: -1/58      AC:  6    Str: 15    XL:     7   Next: 50%
Magic:  8/8        EV: 11    Int: 14    God:    Ignis [*****.]
Gold:   110        SH:  0    Dex: 10    Spells: 6/8 levels left

rFire   + . .      SeeInvis .    a - +0 long sword
rCold   + . .      Faith    .    (no shield)
rNeg    . . .      Spirit   .    C - +2 leather armour {rC+}
rPois   .          Reflect  .    e - +0 hat
rElec   .          Harm     .    m - +0 cloak
rCorr   .          Rampage  .    (no gloves)
Will    .....                    (no boots)
Stlth   +.........               (no amulet)
HPRegen 0.19/turn                (no ring)
MPRegen 0.11/turn                (no ring)

@: about to teleport
A: no striking features
a: Renounce Religion, Fiery Armour, Foxfire Swarm, Rising Flame


You were on level 7 of the Dungeon.
You worshipped Ignis.
Ignis was extremely pleased with you.
You visited 2 branches of the dungeon, and saw 6 of its levels.

You collected 190 gold pieces.
You spent 80 gold pieces at shops.

Inventory:

Hand Weapons
 a - a +0 long sword (weapon)
 h - a +0 spear
 w - a -1 falchion of flaming
Missiles
 b - a throwing net (quivered)
 n - 5 javelins
 o - 2 curare-tipped darts
 p - 6 datura-tipped darts
 u - 7 poisoned darts
Armour
 e - a +0 hat (worn)
 m - a +0 cloak (worn)
 C - a +2 leather armour of cold resistance (worn)
Wands
 l - a wand of roots (2)
Scrolls
 f - a scroll of noise
 k - a scroll of silence
 r - 2 scrolls of poison
 y - a scroll of enchant weapon {unknown}
 z - a scroll of identify
 A - 3 scrolls of immolation
 B - a scroll of enchant armour {unknown}
Potions
 c - 2 potions of berserk rage
 d - a potion of brilliance
 g - 2 potions of ambrosia
 i - a potion of heal wounds
 j - a potion of invisibility
 q - a potion of attraction
 s - a potion of cancellation
 t - a potion of resistance
 v - 2 potions of flight
 D - a potion of mutation {unknown}


   Skills:
 + Level 6.1 Fighting
 - Level 6.0 Long Blades
 - Level 1.0 Spellcasting
 - Level 3.0 Fire Magic


You had 6 spell levels left.
You knew the following spells:

 Your Spells              Type           Power      Damage    Failure   Level
s - Scorch                Fire           18%        2d5       14%         2

Your spell library contained the following spells:

 Spells                   Type           Power      Damage    Failure   Level
 Ensorcelled Hibernation  Hex/Ice        0%         N/A       43%         2
 Passwall                 Tmut/Erth      0%         N/A       43%         2
 Swiftness                Air            0%         N/A       67%         3


Dungeon Overview and Level Annotations

Branches:
Dungeon (4/15)             Temple (1/1) D:4

Altars:
Ashenzari
Dithmenos
Elyvilon
Fedhas
Gozag
Hepliaklqana
Makhleb
Sif Muna
Trog
Uskayaw
Vehumet
Xom
Yredelemnul
Zin
The Shining One

Shops:
D:2 ([*   D:7 (

Portals:
Bailey: D:7


Message History

The wight hits you but does no damage. x2
You hit the wight but do no damage. You punch the wight, but do no damage.
The wight is almost destroyed.
The wight hits you with a +4 dagger! The wight barely misses you.
You completely miss the wight. The wight hits you with a +4 dagger.
The wight hits you with a +0 quarterstaff!
You slash the wight!
The wight is heavily damaged.
The wight closely misses you.
A wight comes into view.
It is wielding a +5 war axe of freezing.
The wight misses you.
Okay, then.
Unknown command.
Unknown command.
You closely miss the wight.
The wight is almost destroyed.
The wight hits you with a +4 dagger.
You feel drained.
The wight hits you with a +0 quarterstaff.
You hit the wight.
You destroy the wight!
The wight closely misses you.
Your life force feels restored.
Training target 6.0 for Long Blades reached!
Your Fighting skill increases to level 6!
Your Long Blades skill increases to level 6!
As you read the scroll of teleportation, it crumbles to dust.
You feel strangely unstable. The wight hits you with a +3 dagger!
The wight hits you with a +0 quarterstaff.
You hit the wight but do no damage.
The wight is heavily damaged.
The wight closely misses you.
The wight hits you with a +0 quarterstaff.
* * * LOW HITPOINT WARNING * * *
Unknown command.
You hit the wight. Your punch misses the wight.
The wight is severely damaged.
The wight hits you with a +3 dagger.
* * * LOW HITPOINT WARNING * * *
The wight hits you with a +0 quarterstaff!
You die...

#...# ###...###
########.......#
#..............#
##.######.......#
###...#######...###
.........# #...#
###...##.#####.#########
##.###.#....zz@zz....####
#.# #.#.###.###z###....#
#.# #.# #.....8......#
#.# #.# ##..8.z...8...#
####.# #.#
#.............# .....#
#.. ......z........#
###### ###
##.8....∩....8.#
#...z.........#
...............#


You could see 5 wights.

Vanquished Creatures
  An ice beast (D:7)
  A sky beast (D:7)
  A necrophage (D:7)
  A wight (D:7)
  2 hounds
  7 adders
  A shadow imp (D:7)
  A white imp (D:7)
  2 worms
  2 dart slugs (D:1)
  2 orcs
  8 ball pythons
  9 endoplasms
  8 giant cockroaches
  8 goblins
  8 hobgoblins
  7 jackals
  3 quokkas
  5 bats
  3 frilled lizards
  6 kobolds
  4 rats
90 creatures vanquished.

Vanquished Creatures (others)
  2 fungi (D:2)
  15 plants
17 creatures vanquished.

Grand Total: 107 creatures vanquished

Notes
Turn   | Place    | Note
-------+----------+-------------------------------------------
     0 | D:1      | porpoise the Human Cinder Acolyte began the quest for the
                  | Orb.
     0 | D:1      | Reached XP level 1. HP: 18/18 MP: 2/2
    97 | D:1      | Reached XP level 2. HP: 18/24 MP: 3/3
   606 | D:1      | Reached XP level 3. HP: 26/29 MP: 4/4
  1568 | D:2      | Reached XP level 4. HP: 34/37 MP: 5/5
  1904 | D:2      | Found a faded altar of an unknown god.
  1996 | D:2      | Found Sischoak's General Store.
  2004 | D:2      | Bought a scroll of identify for 24 gold pieces
  2004 | D:2      | Bought 2 curare-tipped darts for 14 gold pieces
  2017 | D:2      | Found Nimyibb's Antique Armour Shop.
  2021 | D:2      | Found Uceis's Weapon Shoppe.
  2208 | D:2      | Found an opulent altar of Gozag.
  2856 | D:3      | Reached XP level 5. HP: 39/42 MP: 6/6
  3391 | D:2      | Bought a +0 long sword for 42 gold pieces
  3949 | D:4      | Found a staircase to the Ecumenical Temple.
  3984 | Temple   | Entered the Ecumenical Temple
  4212 | D:4      | Learned a level 2 spell: Scorch
  4274 | D:4      | Reached XP level 6. HP: 49/50 MP: 7/7
  4420 | D:4      | You fall into a shaft and drop 3 floors!
  4457 | D:7      | Noticed an ice beast
  4467 | D:7      | Killed an ice beast
  4468 | D:7      | Reached skill level 5 in Fighting
  4468 | D:7      | Reached skill level 5 in Long Blades
  4483 | D:7      | Found Muonuzxie's Weapon Shop.
  4696 | D:7      | Reached XP level 7. HP: 36/56 MP: 8/8
  5067 | D:7      | Found a flagged portal.
  5090 | D:7      | Slain by a wight

Illustrated notes

Levels and vault maps discovered:
D:1:      denvon_arrival_planthouse, layout_loops_ring, serial_bayou_ford_a,
          minmay_tromino_v4_c
D:2:      layout_loops_cross, basic_altar, serial_shops, nicolae_square_shop,
          shop, nicolae_shop_waterfront,
          shapermc_ecumenical_altar_mp_ritualfount
D:3:      layout_loops_ring, serial_bayou_pond_b
D:4:      layout_gridville, minmay_temple_entry_offerings, kennysheep_dice,
          uniq_pargi
D:7:      layout_loops_ring, marbit_many_paths, serial_shops, shop,
          enter_bailey_6
Temple:   nicolae_temple_superstar

Skill      XL: |  1  2  3  4  5  6  7 |
---------------+----------------------+-----
Fighting       | 4 5 6 |  6.1
Long Blades    | 4 5 6 |  6.0
Spellcasting   | |  1.0
Fire Magic     | |  3.0

Action                   |  1- 3 |  4- 6 |  7- 9 || total
-------------------------+-------+-------+-------++-------
Melee: Falchion          |   110 |   127 |       ||   237
       Punch             |     1 |     1 |     1 ||     3
       Long sword        |       |    97 |    22 ||   119
Invok: Fiery Armour      |       |     1 |       ||     1
Evoke: Wand              |       |       |     1 ||     1
  Use: Potion            |     1 |       |       ||     1
       Scroll            |       |    16 |     1 ||    17
Armor: Ring mail         |    48 |    61 |       ||   109
       Leather armour    |       |    20 |     3 ||    23
Dodge: Dodged            |    68 |   119 |    16 ||   203

Table legend: (Time is in decaauts)
 A = Elapsed time spent in this place.
 B = Non-inter-level travel time spent in this place.
 C = Inter-level travel time spent in this place.
 D = Time resting spent in this place.
 E = Time spent auto-exploring this place.
 F = Levels seen in this place.
 G = Mean time per level.
                   A        B        C        D        E       F      G
               +--------+--------+--------+--------+--------+-----+--------+
         Total |   5152 |   4979 |    173 |   1355 |   2687 |   6 |  858.7 |
       Dungeon |   5012 |   4865 |    147 |   1355 |   2587 |   5 | 1002.4 |
        Temple |    139 |    113 |     26 |      0 |    100 |   1 |  139.0 |
               +--------+--------+--------+--------+--------+-----+--------+

Top non-repeatable levels by time:
     D:1: 1430 daAuts
     D:3: 1230 daAuts
     D:2: 1106 daAuts
     D:7: 676 daAuts
     D:4: 569 daAuts
  Temple: 139 daAuts
